[Event "Titled Tuesday Blitz May 4 2021"]
[White "Schut, Lisa"]
[Black "Eggleston, Thomas A"]
[WhiteFideId "1019481"]
[BlackFideId "412139"]
[WhiteElo "2234"]
[BlackElo "2174"]
[Result "0-1"]
[Round "10"]
[TimeControl "180+1"]
[Date "2021.05.04"]
[WhiteClock "0:00:14"]
[BlackClock "0:00:03"]

1. e4 e6 2. d4 d5 3. Nc3 Nf6 4. Bg5 dxe4 5. Nxe4 Be7 6. Bxf6 gxf6 7. g3 f5 8. Nc3 Nd7 9. Bg2 Nf6 10. Qd2 c6 11. O-O-O Qc7 12. Nf3 b6 13. Ne5 Bb7 14. Qh6 Nd7 15. Qg7 Rf8 16. Rhe1 Bf6 17. Qxh7 Nxe5 18. dxe5 Rh8 19. Qxh8+ Bxh8 20. f4 Ke7 21. Re3 Rd8 22. Red3 Rxd3 23. Rxd3 a6 24. h4 c5 25. Bxb7 Qxb7 26. b3 f6 27. Re3 fxe5 28. fxe5 Qc7 29. Ne2 Bxe5 30. c3 Kf6 31. Kc2 Kg6 32. Kd3 Qd6+ 33. Kc2 Kh5 34. Rd3 Qc7 35. Re3 Kg4 36. Kd3 Bd6 37. Rxe6 Qd7 38. Rg6+ Kf3 39. Ng1+ Kg2 40. Ne2 Bf4+ 41. Kc4 b5+ 42. Kxc5 Qe7+ 43. Kb6 Qxe2 44. gxf4+ Kf3 45. Kxa6 Kxf4 46. Ka5 Ke5 47. Kb4 f4 48. Rg8 f3 49. h5 Kf6 50. Rf8+ Kg7 51. Rf4 f2 52. h6+ Kxh6 53. Rf6+ Kg5 54. Rf8 f1=Q 55. Rg8+ Kf4 56. Rf8+ Ke3 57. Rxf1 Qxf1 58. c4 bxc4 59. bxc4 Kd4 60. Ka5 Qxc4 61. a4 Qb3 62. Ka6 Kc5 63. Ka7 Kc6 64. Ka8 Qb7# 0-1


[Site "https://www.chess.com"]

[Event "Titled Tuesday Blitz May 4 2021"]
[White "Serikbay, Assel"]
[Black "Ismayil, Malak"]
[WhiteFideId "13706799"]
[BlackFideId "13412604"]
[WhiteElo "2044"]
[BlackElo "1879"]
[Result "1-0"]
[Round "10"]
[TimeControl "180+1"]
[Date "2021.05.04"]
[WhiteClock "0:01:42"]
[BlackClock "0:00:55"]

1. e4 e5 2. Nf3 Nc6 3. Bb5 d6 4. d4 exd4 5. Nxd4 Bd7 6. O-O Nf6 7. Nc3 Be7 8. Nxc6 Bxc6 9. Bxc6+ bxc6 10. f4 O-O 11. Be3 Nd7 12. Qg4 Bf6 13. e5 Be7 14. Rad1 d5 15. Ne2 f6 16. Nd4 fxe5 17. Ne6 Qc8 18. Qxg7# 1-0


[Site "https://www.chess.com"]

[Event "Titled Tuesday Blitz May 4 2021"]
[White "Seul, Georg"]
[Black "Aliavdin, Nikolai"]
[WhiteFideId "4601653"]
[BlackFideId "13502883"]
[WhiteElo "2332"]
[BlackElo "2268"]
[Result "0-1"]
[Round "10"]
[TimeControl "180+1"]
[Date "2021.05.04"]
[WhiteClock "0:00:09"]
[BlackClock "0:00:59"]

1. e4 c5 2. Nf3 d6 3. Bc4 Nf6 4. d3 Nc6 5. c3 g6 6. Bb3 Bg7 7. h3 O-O 8. O-O b5 9. Re1 b4 10. d4 bxc3 11. Nxc3 cxd4 12. Nxd4 Nxd4 13. Qxd4 Bb7 14. Qd3 Nd7 15. Bd5 Nc5 16. Qg3 Rb8 17. Bg5 Ne6 18. Bxe6 fxe6 19. Rad1 Qe8 20. Qh4 Rf7 21. Rd2 Bc6 22. Be3 Rb7 23. Qg5 Qb8 24. Bd4 Bxd4 25. Rxd4 Rxb2 26. e5 Qb6 27. Rf4 Rxf2 0-1


[Site "https://www.chess.com"]

[Event "Titled Tuesday Blitz May 4 2021"]
[White "Sevian, Samuel"]
[Black "Zaichenko, Daria"]
[WhiteFideId "2040506"]
[BlackFideId "4197453"]
[WhiteElo "2918"]
[BlackElo "2039"]
[Result "1-0"]
[Round "10"]
[TimeControl "180+1"]
[Date "2021.05.04"]
[WhiteClock "0:02:00"]
[BlackClock "0:00:54"]

1. e4 c5 2. Nf3 Nc6 3. d4 cxd4 4. Nxd4 Nf6 5. Nc3 d6 6. Bc4 e5 7. Nf5 Bxf5 8. exf5 Be7 9. Bg5 h6 10. Bxf6 Bxf6 11. Ne4 Be7 12. f6 gxf6 13. Qh5 d5 14. O-O-O Nd4 15. Rxd4 exd4 16. Bxd5 Rf8 17. Bxb7 Rc8 18. Re1 Kd7 19. Bxc8+ Kxc8 20. Qb5 Qc7 21. Ng3 Bd6 22. Nf5 Bf4+ 23. Kb1 Rd8 24. Ne7+ Qxe7 25. Rxe7 1-0


[Site "https://www.chess.com"]

[Event "Titled Tuesday Blitz May 4 2021"]
[White "Shahinyan, David"]
[Black "Piorun, Kacper"]
[WhiteFideId "13304380"]
[BlackFideId "1130420"]
[WhiteElo "2372"]
[BlackElo "2535"]
[Result "0-1"]
[Round "10"]
[TimeControl "180+1"]
[Date "2021.05.04"]
[WhiteClock "0:00:02"]
[BlackClock "0:00:06"]

1. e4 e6 2. d4 d5 3. e5 c5 4. c3 Qb6 5. a3 Bd7 6. b4 cxd4 7. cxd4 Bb5 8. Bxb5+ Qxb5 9. Ne2 Ne7 10. O-O Nf5 11. Be3 Be7 12. Nbc3 Qa6 13. Ng3 Nxg3 14. hxg3 Nd7 15. f4 g6 16. g4 h5 17. f5 hxg4 18. fxg6 fxg6 19. Rc1 Nb6 20. b5 Qxa3 21. Qxg4 Kd7 22. Rf7 Raf8 23. Rxf8 Rxf8 24. Qxg6 Rc8 25. Bd2 Qb4 26. Qd3 Qb3 27. Rf1 Na4 28. Rf3 Nxc3 29. Bxc3 Qc4 30. Qh7 Qxb5 31. Rf7 Re8 32. Bd2 a5 33. Bg5 Qb4 34. Qd3 a4 35. Bxe7 Rxe7 36. Rxe7+ Kxe7 37. Qh7+ Kd8 38. Qg8+ Kd7 39. Qh7+ Kc6 40. Qc2+ Qc4 41. Qb2 Qb3 42. Qc1+ Qc4 43. Qb2 b6 44. g4 Qb3 45. Qc1+ Kb7 46. g5 a3 47. g6 Qb2 48. Qf1 a2 49. g7 a1=Q 50. g8=Q Qxd4+ 51. Kg2 Qe4+ 52. Kg1 Qad4+ 53. Kh2 Qdxe5+ 54. Kg1 Qe3+ 55. Kg2 Q5e4+ 56. Kh2 Qh6+ 57. Kg3 Qhh4# 0-1


[Site "https://www.chess.com"]

[Event "Titled Tuesday Blitz May 4 2021"]
[White "Shahinyan, David"]
[Black "Schut, Han"]
[WhiteFideId "13304380"]
[BlackFideId "1005561"]
[WhiteElo "2372"]
[BlackElo "2057"]
[Result "0-1"]
[Round "10"]
[TimeControl "180+1"]
[Date "2021.05.04"]
[WhiteClock "0:00:03"]
[BlackClock "0:00:16"]

1. c4 Nf6 2. Nc3 d5 3. cxd5 Nxd5 4. g3 c5 5. Bg2 Nc7 6. d3 e5 7. Be3 Be7 8. Qd2 O-O 9. Rc1 Ne6 10. Nf3 Nc6 11. O-O Bd7 12. Nd5 Rc8 13. Nxe7+ Qxe7 14. Rfe1 f6 15. Qd1 b6 16. Nd2 Kh8 17. Nc4 Rfd8 18. a3 Be8 19. Bd2 b5 20. Ne3 Ncd4 21. Nd5 Qf8 22. e3 Nc6 23. b4 Ne7 24. Nxe7 Qxe7 25. bxc5 Rxc5 26. Bb4 Rxc1 27. Qxc1 Qd7 28. Rd1 Bg6 29. d4 exd4 30. exd4 Nxd4 31. Re1 Bd3 32. Qe3 Bc4 33. Kh1 h6 34. Bc3 Nc2 0-1


[Site "https://www.chess.com"]

[Event "Titled Tuesday Blitz May 4 2021"]
[White "Shapiro, David"]
[Black "Jumabayev, Rinat"]
[WhiteFideId "24133523"]
[BlackFideId "13702661"]
[WhiteElo "2261"]
[BlackElo "2535"]
[Result "0-1"]
[Round "10"]
[TimeControl "180+1"]
[Date "2021.05.04"]
[WhiteClock "0:00:02"]
[BlackClock "0:01:28"]

1. d4 Nf6 2. Nf3 e6 3. c4 Bb4+ 4. Bd2 a5 5. g3 b6 6. Bg2 Ba6 7. Qc2 c5 8. O-O Bb7 9. Bf4 cxd4 10. Nxd4 Bxg2 11. Kxg2 O-O 12. a3 Be7 13. Nc3 Qc8 14. b3 Qb7+ 15. f3 Rc8 16. Qd3 Na6 17. Na4 d5 18. Rac1 Bxa3 19. Ra1 Be7 20. Rfc1 dxc4 21. Rxc4 Nd5 22. Bd2 Nc5 23. Nxc5 Bxc5 24. Nb5 Rd8 25. Qe4 Qd7 26. Nc3 Nf6 27. Qd3 Qxd3 28. exd3 Rxd3 29. Bg5 Nd5 30. Ne4 Bb4 31. Rb1 h6 32. Bc1 Rd1 0-1


[Site "https://www.chess.com"]

[Event "Titled Tuesday Blitz May 4 2021"]
[White "Shimelkov, Vasiliy"]
[Black "Demin, Vladimir"]
[WhiteFideId "13701630"]
[BlackFideId "4167457"]
[WhiteElo "2073"]
[BlackElo "2503"]
[Result "1-0"]
[Round "10"]
[TimeControl "180+1"]
[Date "2021.05.04"]
[WhiteClock "0:00:25"]
[BlackClock "0:00:13"]

1. d4 Nf6 2. c4 e5 3. dxe5 Ng4 4. Nf3 Bc5 5. e3 Nc6 6. Be2 O-O 7. O-O Re8 8. b3 Ngxe5 9. Nxe5 Nxe5 10. Bb2 a5 11. a3 Ra6 12. Nd2 Rh6 13. h3 d6 14. Nf3 Nxf3+ 15. Bxf3 Qh4 16. b4 axb4 17. axb4 Bxb4 18. Qa4 c6 19. Qxb4 Bxh3 20. g3 Qg5 21. Qxb7 Bxf1 22. Ra8 Re6 23. Bxc6 Rd8 24. Rxd8+ Qxd8 25. Kxf1 Re7 26. Qb3 Rc7 27. Bd5 Kf8 28. Bd4 Qc8 29. Kg2 h5 30. Qd3 Kg8 31. Qe4 Qg4 32. Qxg4 hxg4 33. f3 gxf3+ 34. Kxf3 Kf8 35. Ke4 g6 36. Bf6 Ra7 37. g4 Ra3 38. g5 Ra6 39. Kd4 Ra5 40. e4 Ra6 41. e5 dxe5+ 42. Kxe5 Ke8 43. c5 Ra1 44. c6 Rc1 45. Kd6 Rc2 46. c7 Kf8 47. Kd7 Kg8 48. c8=Q+ Rxc8 49. Kxc8 Kh7 50. Kd8 Kg8 51. Be7 Kh7 52. Bxf7 Kg7 53. Bc4 Kh7 54. Ke8 Kg7 55. Bb4 Kh7 56. Kf8 Kh8 57. Bc3+ Kh7 58. Bg8# 1-0


[Site "https://www.chess.com"]

[Event "Titled Tuesday Blitz May 4 2021"]
[White "Shipov, Sergei"]
[Black "Piesik, Piotr"]
[WhiteFideId "4113624"]
[BlackFideId "1136194"]
[WhiteElo "2744"]
[BlackElo "2369"]
[Result "1-0"]
[Round "10"]
[TimeControl "180+1"]
[Date "2021.05.04"]
[WhiteClock "0:00:07"]
[BlackClock "0:00:02"]

1. d4 c5 2. d5 e5 3. e4 d6 4. a4 Be7 5. Na3 a6 6. Nc4 Qc7 7. a5 Nd7 8. Bd2 b5 9. axb6 Qb7 10. Ba5 Ngf6 11. Bd3 O-O 12. Nf3 Ne8 13. Ra3 Bd8 14. Nfd2 Ndf6 15. O-O Bd7 16. Rb3 Bb5 17. Qe2 Nd7 18. Na3 Bxd3 19. Qxd3 Rb8 20. Nac4 Qc8 21. Ra1 Rb7 22. h3 g6 23. Bc3 Nb8 24. Nf3 f5 25. Nfd2 Bg5 26. Qe2 1-0


[Site "https://www.chess.com"]

[Event "Titled Tuesday Blitz May 4 2021"]
[White "Shtyka, Sergey"]
[Black "Juhasz, Agoston"]
[WhiteFideId "4138465"]
[BlackFideId "778346"]
[WhiteElo "2102"]
[BlackElo "2211"]
[Result "1-0"]
[Round "10"]
[TimeControl "180+1"]
[Date "2021.05.04"]
[WhiteClock "0:00:07"]
[BlackClock "0:00:09"]

1. e4 c6 2. Nf3 d5 3. Nc3 g6 4. d3 Bg7 5. exd5 cxd5 6. g3 Nc6 7. Bg2 e5 8. O-O Nge7 9. Re1 O-O 10. Bg5 f6 11. Bd2 Bg4 12. h3 Bf5 13. Ne2 Qd7 14. Kh2 Rad8 15. d4 e4 16. Nfg1 g5 17. g4 Be6 18. c3 f5 19. gxf5 Rxf5 20. Ng3 Rxf2 21. Bxg5 Rdf8 22. Re2 Rxe2 23. Qxe2 Nf5 24. Nxf5 Rxf5 25. Bh4 Bh6 26. Bg3 Rg5 27. Bf4 Rg6 28. Bxh6 Rxh6 29. Rf1 Qd6+ 30. Kh1 Qg3 31. Qf2 Qxf2 32. Rxf2 Kg7 33. Kh2 Rf6 34. Rd2 b5 35. b3 a5 36. c4 bxc4 37. bxc4 Nb4 38. c5 Bd7 39. a3 Nd3 40. Kg3 Bb5 41. Ne2 Rg6+ 42. Kh2 Ne1 43. Nc3 Bc4 44. Nd1 Kf7 45. Ne3 Bd3 46. Rf2+ Ke6 47. h4 h5 48. Bh3+ Ke7 49. Nf5+ Kd8 50. Bg2 Nf3+ 51. Bxf3 exf3 52. Ne3 Be4 53. a4 Rf6 54. Nd1 Kc7 55. Ne3 Rf4 56. Kg3 Rf8 57. Nf1 Rg8+ 58. Kh2 Rg2+ 59. Rxg2 fxg2 60. Ne3 Kd7 61. Nxg2 Bf3 62. Nf4 Bd1 63. Kg3 Bxa4 64. Nxh5 Bd1 65. Nf4 a4 66. Nd3 a3 67. Nc1 Bb3 68. Nxb3 a2 69. Na1 Kc6 70. Kf4 Kb5 71. h5 Kb4 72. h6 Kc3 73. h7 Kb2 74. h8=Q Kxa1 75. Qa8 Kb2 76. Qxa2+ Kxa2 77. Ke5 1-0


[Site "https://www.chess.com"]

[Event "Titled Tuesday Blitz May 4 2021"]
[White "Shukhman, Anna"]
[Black "Porter, Ryan W"]
[WhiteFideId "54180058"]
[BlackFideId "2011239"]
[WhiteElo "1628"]
[BlackElo "2388"]
[Result "1-0"]
[Round "10"]
[TimeControl "180+1"]
[Date "2021.05.04"]
[WhiteClock "0:00:14"]
[BlackClock "0:00:05"]

1. e4 d6 2. d4 Nf6 3. Nc3 g6 4. h4 h5 5. f3 Bg7 6. Be3 a6 7. Qd2 Nbd7 8. O-O-O b5 9. e5 b4 10. exf6 bxc3 11. Qxc3 Nxf6 12. Bc4 c6 13. Nh3 Nd5 14. Bxd5 cxd5 15. Qc6+ Bd7 16. Qxd5 O-O 17. Rdg1 Be6 18. Qe4 Bxa2 19. g4 Qa5 20. gxh5 Bd5 21. Qd3 Qa1+ 22. Kd2 Qxb2 23. hxg6 Qb4+ 24. Kc1 f5 25. Ng5 f4 26. Bf2 Bc4 27. Qe4 Qa3+ 28. Kd2 Qb4+ 29. c3 Qb2+ 30. Qc2 Rab8 31. Rb1 Qxc2+ 32. Kxc2 Bf6 33. Ne4 Kg7 34. h5 Rxb1 35. Rxb1 Rh8 36. Nxf6 Kxf6 37. Rh1 Bd5 38. Rh3 Be6 39. Rh4 Kg5 40. g7 Rxh5 41. Rxh5+ Kxh5 42. Kd3 Bd5 43. c4 Bf7 44. c5 dxc5 45. dxc5 Kg6 46. Bd4 Kh7 47. Ke4 Be6 48. Kxf4 a5 49. Ke5 Bc8 50. Kd5 a4 51. Kc4 a3 52. Kb3 Bb7 53. f4 Kg8 54. Kxa3 Bc6 55. Kb4 e5 56. Bxe5 1-0


[Site "https://www.chess.com"]

[Event "Titled Tuesday Blitz May 4 2021"]
[White "Shuvalov, Evgenij"]
[Black "Erdogdu, Mert"]
[WhiteFideId "4187237"]
[BlackFideId "6301495"]
[WhiteElo "2163"]
[BlackElo "2485"]
[Result "1-0"]
[Round "10"]
[TimeControl "180+1"]
[Date "2021.05.04"]
[WhiteClock "0:00:05"]
[BlackClock "0:00:07"]

1. Nf3 Nf6 2. c4 g6 3. Nc3 Bg7 4. e4 d6 5. d4 O-O 6. Be2 e5 7. O-O Nc6 8. d5 Ne7 9. Ne1 Nd7 10. Be3 f5 11. f3 f4 12. Bf2 g5 13. Rc1 Ng6 14. c5 Nxc5 15. b4 Na6 16. Nb5 h5 17. Nxa7 Bd7 18. a3 Rf7 19. Bb5 g4 20. Qa4 Bh6 21. Bxd7 Rxd7 22. Kh1 g3 23. Bg1 gxh2 24. Bf2 Bg5 25. Nb5 Bh4 26. Nd3 Nc5 27. Qc2 Nxd3 28. Qxd3 Bxf2 29. Rxf2 Rg7 30. Rfc2 Rc8 31. Na7 Ra8 32. Nb5 Qh4 33. Nxc7 Rc8 34. Ne6 Rxc2 35. Qxc2 Rf7 36. Qc8+ Kh7 37. Qe8 Re7 38. Qb8 Qf2 39. Qxd6 Qd2 40. Qc5 b6 41. Qc2 Qe3 42. Rf1 Qxa3 43. Ng5+ Kh6 44. d6 Rd7 45. Qc6 Qd3 46. Rc1 Qd2 47. Rf1 Nf8 48. Qc8 Kg7 49. Nh3 Qxd6 50. Qc4 Qd3 51. Qxd3 Rxd3 52. Kxh2 Rb3 53. Rc1 Rxb4 54. Rc7+ Kf6 55. Rc8 Ke7 56. Rb8 b5 57. Rb7+ Kd6 58. Ng5 Rb2 59. Nf7+ Kc5 60. Nxe5 Ne6 61. Re7 Nd4 62. Rc7+ Kd6 63. Rd7+ Kxe5 64. Rd5+ Ke6 65. Rxd4 b4 66. Rd5 h4 67. Rh5 b3 68. Rb5 Kd6 69. Kh3 Kc6 70. Rb8 Kc5 71. Kxh4 Kc4 72. Kg4 Rxg2+ 73. Kxf4 b2 74. e5 Re2 75. Kf5 Kc3 76. f4 Kc2 77. e6 Re3 78. Rxb2+ Kxb2 79. Kf6 Kc3 80. f5 Kd4 81. e7 Kd5 82. Kf7 Re5 83. f6 Kd6 84. e8=Q Rxe8 85. Kxe8 1-0


[Site "https://www.chess.com"]

[Event "Titled Tuesday Blitz May 4 2021"]
[White "Shvedova, Alexandra"]
[Black "Escobar Forero, Alder"]
[WhiteFideId "54154782"]
[BlackFideId "4400801"]
[WhiteElo "1887"]
[BlackElo "2513"]
[Result "0-1"]
[Round "10"]
[TimeControl "180+1"]
[Date "2021.05.04"]
[WhiteClock "0:01:24"]
[BlackClock "0:01:59"]

1. e4 c5 2. Ne2 Nc6 3. Nbc3 e6 4. d4 cxd4 5. Nxd4 Nf6 6. Ndb5 d6 7. Bf4 e5 8. Bg5 a6 9. Na3 Be6 10. Nc4 Rc8 11. Bxf6 Qxf6 12. Nb6 Rb8 13. Nbd5 Qd8 14. a4 Be7 15. Be2 O-O 16. O-O Bg5 17. Bg4 Rc8 18. g3 Nd4 19. Rc1 Bxc1 20. Bxe6 fxe6 21. Qxc1 exd5 22. exd5 Rxc3 23. Qd1 Rxc2 24. f4 Qb6 25. Kh1 Qxb2 0-1


[Site "https://www.chess.com"]

[Event "Titled Tuesday Blitz May 4 2021"]
[White "Sieciechowicz, Marcin"]
[Black "Stepak, Yedael"]
[WhiteFideId "1130170"]
[BlackFideId "2800454"]
[WhiteElo "2288"]
[BlackElo "2146"]
[Result "1-0"]
[Round "10"]
[TimeControl "180+1"]
[Date "2021.05.04"]
[WhiteClock "0:00:11"]
[BlackClock "0:00:01"]

1. d4 Nf6 2. c4 g6 3. Nc3 Bg7 4. e4 d6 5. Nf3 O-O 6. Be2 Na6 7. O-O e5 8. Re1 c6 9. d5 c5 10. Rb1 h6 11. a3 Ne8 12. b4 f5 13. Nd2 Nf6 14. Bd3 f4 15. Nb3 b6 16. bxc5 Nxc5 17. Nxc5 bxc5 18. Bd2 g5 19. Qa4 Bd7 20. Qa6 Ne8 21. Nb5 Rf6 22. Ba5 Qc8 23. Qxc8 Bxc8 24. Rb2 Rf7 25. Reb1 g4 26. Nc3 Ba6 27. Kf1 Rd7 28. Be2 h5 29. h3 f3 30. gxf3 gxh3 31. Kg1 Bh6 32. Kh2 Bf4+ 33. Kxh3 Rg7 34. Bd3 Nf6 35. Ne2 Nh7 36. Nxf4 exf4 37. Rb8+ Rxb8 38. Rxb8+ Kf7 39. Bc3 Nf6 40. e5 dxe5 41. Bxe5 Rg8 42. Rxg8 Nxg8 43. Bxf4 Kf6 44. Be3 Ne7 45. Bxc5 Bc8+ 46. Kh4 Nf5+ 47. Kxh5 Bd7 48. Bxa7 Be8+ 49. Kg4 Nd6 50. Bd4+ Ke7 51. Kf4 Bd7 52. c5 Nf7 53. c6 Bc8 54. Bc5+ Kf6 55. d6 Ke6 56. d7 Bxd7 57. cxd7 Kxd7 58. Bf5+ Kc6 59. Be3 Kd5 60. Be4+ Kc4 61. Bg6 Nd6 62. Ke5 Nb5 63. a4 1-0


[Site "https://www.chess.com"]

[Event "Titled Tuesday Blitz May 4 2021"]
[White "Simonovic, Miroslav"]
[Black "Jaskolka, Tomasz"]
[WhiteFideId "919152"]
[BlackFideId "1170791"]
[WhiteElo "2043"]
[BlackElo "2050"]
[Result "0-1"]
[Round "10"]
[TimeControl "180+1"]
[Date "2021.05.04"]
[WhiteClock "0:00:02"]
[BlackClock "0:00:04"]

1. d4 Nf6 2. Bg5 Ne4 3. h4 d5 4. Nd2 Nxd2 5. Qxd2 c6 6. e3 Bf5 7. Bd3 Bxd3 8. Qxd3 Nd7 9. O-O-O Qa5 10. Kb1 e6 11. e4 dxe4 12. Qxe4 Qd5 13. f3 Qxe4 14. fxe4 Be7 15. Nf3 Bxg5 16. hxg5 Ke7 17. c4 h6 18. gxh6 Rxh6 19. Rxh6 gxh6 20. Rh1 Rg8 21. Rh2 Rg4 22. Nd2 Nf6 23. e5 Nd7 24. Nf3 Nf8 25. Kc2 Ng6 26. Kd2 c5 27. d5 Rxc4 28. d6+ Kd7 29. Rxh6 Rg4 30. Ke3 Rxg2 31. Rh7 Ke8 32. d7+ Kxd7 33. Rxf7+ Kc6 34. b3 a6 35. Rg7 b5 36. a3 c4 37. bxc4 bxc4 38. Nd4+ Kd5 39. Ne2 Kxe5 40. Rc7 Kd5 41. Rd7+ Kc6 42. Rg7 Nf4 43. Rxg2 Nxg2+ 44. Kd4 Kb5 45. Nc3+ Ka5 46. Kxc4 Ne3+ 47. Kb3 Nd5 48. Ne4 Kb5 49. a4+ Kc6 50. Kc4 a5 51. Ng5 Nb6+ 52. Kd4 Kd6 0-1


[Site "https://www.chess.com"]

[Event "Titled Tuesday Blitz May 4 2021"]
[White "Skatchkov, Pavel"]
[Black "Bologan, Victor"]
[WhiteFideId "4121848"]
[BlackFideId "13900048"]
[WhiteElo "2476"]
[BlackElo "2511"]
[Result "0-1"]
[Round "10"]
[TimeControl "180+1"]
[Date "2021.05.04"]
[WhiteClock "0:01:49"]
[BlackClock "0:01:45"]

1. d4 d6 2. e4 Nf6 3. Nc3 e5 4. Nf3 Nbd7 5. Bc4 Be7 6. O-O O-O 7. a4 c6 8. Re1 a5 9. h3 h6 10. Bb3 Re8 11. Nh4 exd4 12. Qxd4 Nc5 13. Nf5 Bxf5 14. exf5 d5 15. Bf4 Nxb3 16. cxb3 Bb4 17. Be5 c5 18. Bxf6 cxd4 19. Bxd8 Rexd8 20. Nb5 Bxe1 21. Rxe1 d3 22. Rd1 Rac8 23. Rxd3 Rc2 24. Nc3 d4 25. Nb5 Re8 26. Nxd4 Re1+ 27. Kh2 Rxf2 28. Nf3 Ree2 29. Nh4 Rxb2 30. Kg3 Rfd2 31. Re3 Kf8 32. Kf3 Rbc2 33. g4 Rc7 34. Ng2 Rdc2 35. Re5 R2c3+ 36. Ne3 Rxb3 37. Ke2 Re7 0-1


[Site "https://www.chess.com"]

[Event "Titled Tuesday Blitz May 4 2021"]
[White "Skoberne, Jure"]
[Black "Sergey85Rodchenkov"]
[WhiteFideId "14604299"]
[WhiteElo "2559"]
[BlackElo "2548"]
[Result "0-1"]
[Round "10"]
[TimeControl "180+1"]
[Date "2021.05.04"]
[WhiteClock "0:01:52"]
[BlackClock "0:02:45"]

1. c4 Nf6 2. Nc3 d5 3. cxd5 Nxd5 4. g3 Nc6 5. Bg2 Nb6 6. Nf3 g6 7. O-O Bg7 8. e3 e5 9. b3 O-O 10. Bb2 a5 11. Rc1 Re8 12. Qe2 a4 13. Nxa4 Nxa4 14. bxa4 Rxa4 15. Qb5 Rb4 0-1


[Site "https://www.chess.com"]

[Event "Titled Tuesday Blitz May 4 2021"]
[White "Sokolov, Andrey M."]
[Black "Smietanska, Wiktoria"]
[WhiteFideId "4171438"]
[BlackFideId "21869359"]
[WhiteElo "2349"]
[BlackElo "1780"]
[Result "0-1"]
[Round "10"]
[TimeControl "180+1"]
[Date "2021.05.04"]
[WhiteClock "0:00:05"]
[BlackClock "0:01:10"]

1. d4 d5 2. Bf4 c5 3. e3 Nc6 4. c3 Nf6 5. Nd2 Bf5 6. Ngf3 Qb6 7. Qb3 c4 8. Qxb6 axb6 9. a3 b5 10. Rc1 e6 11. Be2 Be7 12. h3 O-O 13. Ne5 Nxe5 14. Bxe5 Ne4 15. g4 Nxd2 16. Kxd2 Bg6 17. f3 f6 18. Bg3 Bd8 19. Bd6 Re8 20. h4 e5 21. h5 Bf7 22. f4 e4 23. Rcg1 Be6 24. g5 f5 25. g6 h6 26. Bd1 Be7 27. Bxe7 Rxe7 28. Bc2 Rd7 29. Ra1 Rd6 30. a4 Rda6 31. a5 Rxa5 32. Rxa5 Rxa5 33. Rb1 Ra2 34. Kc1 Kf8 35. b3 Bd7 36. bxc4 dxc4 37. Rb2 Rxb2 38. Kxb2 Ke7 39. Ka3 b6 40. Kb4 Kd6 41. Bd1 Kc6 42. Be2 Be6 43. Bf1 Bd5 44. Bh3 Be6 45. d5+ Kxd5 46. Kxb5 Bd7+ 47. Kxb6 Kd6 48. Bf1 Be6 49. Kb5 Bd7+ 50. Kxc4 Ba4 51. Kd4 Bd1 52. Bc4 Bxh5 53. Bf7 Bg4 54. c4 h5 55. c5+ Kc6 56. Bc4 h4 57. Bf1 Bh5 58. Bh3 Bxg6 59. Ke5 Kxc5 60. Ke6 Kc4 61. Ke7 Kd3 0-1


[Site "https://www.chess.com"]

[Event "Titled Tuesday Blitz May 4 2021"]
[White "Song, Michael"]
[Black "Kazakouski, Valery"]
[WhiteFideId "2613190"]
[BlackFideId "13507443"]
[WhiteElo "2274"]
[BlackElo "2546"]
[Result "1-0"]
[Round "10"]
[TimeControl "180+1"]
[Date "2021.05.04"]
[WhiteClock "0:00:03"]
[BlackClock "0:00:02"]

1. d4 Nf6 2. Bg5 e6 3. Nd2 h6 4. Bh4 c5 5. e3 cxd4 6. exd4 Be7 7. Ngf3 b6 8. Bd3 Ba6 9. Bxa6 Nxa6 10. c3 Nc7 11. Qe2 d6 12. Bxf6 Bxf6 13. h4 Qd7 14. a4 Qc6 15. h5 Be7 16. Rh3 Nd5 17. g3 Nf6 18. Qb5 Kd7 19. Ke2 a6 20. Qxc6+ Kxc6 21. Kd3 b5 22. Rhh1 Rhb8 23. a5 Kd7 24. Ne4 Nd5 25. b3 Rc8 26. c4 bxc4+ 27. bxc4 Nb4+ 28. Kc3 f5 29. Ned2 Rab8 30. Rhb1 Nd5+ 31. Kd3 Nf6 32. Rb6 Ra8 33. Rh1 Bd8 34. Rb7+ Rc7 35. Rb2 Rca7 36. Nb3 Kc8 37. c5 Be7 38. cxd6 Bxd6 39. Rc2+ Kd8 40. Nc5 Bxc5 41. Rxc5 Rb7 42. Ne5 Rb3+ 43. Kc4 Rb2 44. f3 Nd5 45. Re1 Ke7 46. Nc6+ Kd6 47. Ne5 Rc2+ 48. Kd3 Rxc5 49. dxc5+ Kxc5 50. Nf7 Re8 51. g4 fxg4 52. fxg4 Nf6 53. g5 Nxh5 54. gxh6 gxh6 55. Nxh6 Kb5 56. Re5+ Ka4 57. Rxh5 Rd8+ 58. Kc4 Rd5 59. Rh1 Kxa5 60. Ra1+ Kb6 61. Nf7 Rc5+ 62. Kd4 Rd5+ 63. Ke4 a5 64. Ne5 Kb5 65. Nf3 a4 66. Nd4+ Kc4 67. Nxe6 Ra5 68. Rc1+ Kb4 69. Nd4 Ra8 70. Rb1+ Kc4 71. Rc1+ Kb4 72. Kd3 a3 73. Rb1+ Kc5 74. Kc3 a2 75. Ra1 Kd5 76. Nc2 Kc5 77. Kb3 Ra7 78. Nb4 1-0


[Site "https://www.chess.com"]

[Event "Titled Tuesday Blitz May 4 2021"]
[White "Spata, German"]
[Black "Moore, Nicholas"]
[WhiteFideId "113026"]
[BlackFideId "4303709"]
[WhiteElo "2238"]
[BlackElo "2363"]
[Result "1-0"]
[Round "10"]
[TimeControl "180+1"]
[Date "2021.05.04"]
[WhiteClock "0:00:13"]
[BlackClock "0:00:22"]

1. c4 Nf6 2. g3 c6 3. Bg2 d5 4. cxd5 cxd5 5. Nf3 Nc6 6. O-O e5 7. d3 Be7 8. Bg5 h6 9. Bxf6 Bxf6 10. Qb3 Na5 11. Qa3 Be7 12. Qa4+ Bd7 13. Qd1 Nc6 14. Nc3 Be6 15. d4 e4 16. Ne5 Qb6 17. Nxc6 bxc6 18. Na4 Qb5 19. e3 O-O 20. Qc2 Rfc8 21. Rfc1 Rab8 22. Rab1 Rc7 23. Bf1 Qb4 24. Nc5 Bxc5 25. Qxc5 Qxc5 26. Rxc5 Rb6 27. b3 Bd7 28. Rbc1 Rcb7 29. Ra5 Kf8 30. Rcc5 Ke7 31. Ra3 Rc7 32. Rca5 Rbb7 33. Ba6 Rb8 34. Kf1 Kd6 35. Be2 Ra8 36. Ke1 f5 37. Kd2 g5 38. Rc5 Rb8 39. Rca5 Ra8 40. Rc5 Be8 41. b4 Rb7 42. Kc3 Rab8 43. Rb3 Rb6 44. Ra5 R8b7 45. a4 Bd7 46. b5 cxb5 47. axb5 Rc7+ 48. Kd2 Rbb7 49. Rba3 Bc8 50. Ra6+ Rb6 51. Rxa7 Rxa7 52. Rxa7 Bd7 53. Ra6 Kc7 54. Rxb6 Kxb6 55. Kc3 Bxb5 56. Bh5 Bd7 57. Kb4 Kc6 58. Bf7 Kd6 59. Bh5 f4 60. gxf4 gxf4 61. Be2 f3 62. Bb5 Bc8 63. Ka5 Bh3 64. Kb6 Bf1 65. Bxf1 Ke6 66. Bh3+ Kf6 67. Kc5 Kg5 68. Kxd5 Kh4 69. Be6 h5 70. Kxe4 Kg5 71. Bf7 Kh4 72. Bxh5 Kxh5 73. Kxf3 Kh4 74. Ke2 Kh3 75. Kd3 Kxh2 76. e4 Kh3 77. d5 Kg4 78. d6 Kf4 79. d7 Ke5 80. d8=Q Kf4 81. Qd4 Kg5 82. Qe5+ Kg6 83. Qf5+ Kg7 84. Qf3 Kg6 85. e5 Kg7 86. e6 Kh8 87. e7 Kg7 88. e8=Q Kh6 89. Qh8+ Kg6 90. Qg8+ Kh6 91. Qh1# 1-0


[Site "https://www.chess.com"]

[Event "Titled Tuesday Blitz May 4 2021"]
[White "Spencenzug"]
[Black "Zhurbinsky, David"]
[BlackFideId "2072904"]
[WhiteElo "2329"]
[BlackElo "2441"]
[Result "1-0"]
[Round "10"]
[TimeControl "180+1"]
[Date "2021.05.04"]
[WhiteClock "0:00:30"]
[BlackClock "0:00:02"]

1. e4 e5 2. Nf3 Nc6 3. d4 exd4 4. Nxd4 Bc5 5. Nxc6 Qf6 6. Qf3 dxc6 7. Nc3 Be6 8. Be3 Bxe3 9. Qxe3 Ne7 10. O-O-O Ng6 11. g3 Ne5 12. f4 Ng4 13. Qe1 O-O 14. h3 Nh6 15. Bd3 b5 16. e5 Qe7 17. g4 b4 18. Ne4 Bxa2 19. Ng5 a5 20. Nxh7 Rfd8 21. g5 Rxd3 22. Rxd3 Nf5 23. Nf6+ gxf6 24. gxf6 Qf8 25. Qg1+ Kh7 26. Qg4 Nh6 27. Qh5 Be6 28. Rg1 Bf5 29. Rg7+ Qxg7 30. fxg7 Bxd3 31. cxd3 Kxg7 32. Qg5+ Kh7 33. Qf6 c5 34. f5 Rg8 35. e6 fxe6 36. fxe6 Rg6 37. Qe5 Rg1+ 38. Kc2 Rg2+ 39. Kb3 Rg7 40. e7 Nf7 41. Qe4+ Rg6 42. e8=Q Kg7 43. Q4e7 Rf6 44. Q8f8+ Kg6 45. Qg8+ Kf5 46. Qgxf7 a4+ 47. Kxa4 b3 48. Qfxf6# 1-0


[Site "https://www.chess.com"]